Map: Tourmaline LE

Players

lobo - Winner!

  • Race: Terran Terran
  • League: Gold
  • Spawn Location: 7:00

SCIInewby

  • Race: Protoss Protoss
  • League: Master
  • Spawn Location: 1:00

VOD

Have the link to the VOD?

Description

Time

  • Played on: Feb. 10, 2026, 12:56 p.m.
  • Length: 13:52
Show
View Real Time Build Order
Export as new Build Order

lobo Terran - Winner!

Build Orders:  

Get SALT Encoding   

  12  0:02  SCV  
  13  0:14  SCV  
  13  0:20  Supply Depot  
  14  0:26  SCV  
  15  0:32  Refinery  
  15  0:42  SCV  
  16  0:58  Barracks  
  16  1:05  Refinery  
  16  1:11  Supply Depot  
  16  1:16  SCV  
  17  1:29  SCV  
  18  1:45  Reaper  
  19  1:52  Barracks  
  19  1:58  Factory  
  19  2:09  Orbital Command  
  19  2:19  Marine  
  20  2:36  SCV  
  21  2:42  Marine  
  22  2:48  SCV  
  22  2:49  Barracks Tech Lab, Supply Depot  
  23  3:00  Marine  
  24  3:26  SCV  
  25  3:33  Factory Tech Lab  
  25  3:34  Stimpack  
  25  3:38  Starport, SCV  
  26  4:07  Marine  
  26  4:09  Siege Tank  
  29  4:13  SCV  
  29  4:14  Engineering Bay  
  29  4:16  Medivac  
  32  4:19  Marine  
  33  4:25  Marine, SCV  
  35  4:36  Supply Depot  
  35  4:37  Marine  
  35  4:38  Supply Depot, SCV  
  36  4:41  Widow Mine  
  36  4:44  Missile Turret  
  39  4:50  Starport Tech Lab  
  39  4:57  Marine, SCV  
  41  5:04  Siege Tank  
  44  5:10  Medivac  
  44  5:13  SCV  
  47  5:17  Terran Infantry Weapons Level 1  
  47  5:25  SCV  
  41  6:25  Siege Tank  
  41  6:26  Marine  
  41  6:27  Marine  
  46  6:33  Command Center  
  46  6:35  Medivac  
  46  6:37  Factory  
  48  6:44  Marine  
  49  6:47  Marine  
  49  6:51  Missile Turret x2  
  49  6:52  Command Center  
  50  6:55  Refinery x2  
  50  7:02  Marine  
  50  7:04  Medivac  
  50  7:05  Marine  
  54  7:19  Terran Infantry Armor Level 1  
  54  7:20  Supply Depot, Marine  
  55  7:38  Missile Turret  
  55  7:39  Missile Turret  
  55  7:41  Marine x2, Hellion  
  59  7:59  Marine x2  
  59  8:00  Siege Tank  
  64  8:07  Missile Turret  
  64  8:17  Marine  
  58  8:27  Missile Turret  
  58  8:32  Siege Tank  
  61  8:56  Hellion  
  61  9:04  Cyclone, Marine x2  
  63  9:22  Marine  
  64  9:24  Bunker  
  64  9:30  Factory Tech Lab  
  64  9:36  Cyclone  
  64  9:38  Orbital Command  
  61  10:08  Cyclone  
  64  10:16  Marine x2  
  57  10:33  Marine  
  57  10:34  Marine  
  58  10:47  Bunker  
  58  10:48  Cyclone  
  61  10:51  Marine x2  
  58  11:09  Marine  
  49  11:50  Cyclone x2  
  55  11:59  Planetary Fortress  
  57  12:08  Raven  
  57  12:22  Cyclone x2  
  63  12:24  Marine x2  
  65  12:38  Supply Depot  
  65  12:41  Marine x2  
  59  12:53  Missile Turret  
  59  12:54  Cyclone  
  59  12:55  SCV x2  
  64  12:59  SCV  
  64  13:02  Marine x2  
  67  13:07  SCV  
  67  13:08  SCV  
  67  13:11  SCV  
  70  13:19  Cyclone  
  74  13:20  SCV x2, Marine x2  
Show
View Real Time Build Order
Export as new Build Order

SCIInewby Protoss 

Build Orders: 1 Gate Expand, Forge Fast Expand (FFE) 

Get SALT Encoding   

  12  0:00  Probe  
  13  0:12  Probe  
  14  0:22  Pylon  
  15  0:28  Probe  
  15  0:40  Forge  
  15  0:47  Probe  
  16  0:53  Gateway  
  16  0:59  Probe  
  16  1:03  Assimilator  
  17  1:12  Probe  
  18  1:24  Probe  
  19  1:36  Probe  
  20  1:42  Nexus  
  20  1:48  Probe  
  21  1:55  Cybernetics Core  
  21  2:07  Photon Cannon  
  21  2:12  Pylon  
  21  2:15  Zealot  
  21  2:21  Assimilator  
  23  2:24  Probe  
  23  2:32  Probe  
  24  2:41  Probe  
  24  2:42  Warp Gate  
  25  2:48  Pylon  
  25  3:01  Pylon  
  25  3:02  Pylon  
  25  3:11  Probe x2  
  27  3:13  Stalker  
  29  3:23  Probe x2  
  29  3:34  Photon Cannon  
  29  3:35  Probe  
  29  3:44  Photon Cannon  
  28  3:53  Stalker  
  28  4:08  Photon Cannon, Probe  
  29  4:20  Photon Cannon  
  29  4:39  Probe  
  29  4:40  Probe  
  29  4:41  Gateway x2  
  29  4:43  Gateway  
  31  4:47  Probe  
  31  4:48  Probe  
  33  4:58  Pylon  
  33  5:03  Probe  
  33  5:04  Protoss Ground Weapons Level 1  
  33  5:05  Probe  
  35  5:11  Zealot, Pylon  
  37  5:15  Probe  
  37  5:16  Probe  
  39  5:24  Probe  
  39  5:28  Probe  
  41  5:35  Stalker  
  43  5:46  Zealot x3  
  41  6:02  Probe x2  
  43  6:06  Stalker x2  
  47  6:13  Photon Cannon  
  47  6:14  Probe  
  47  6:15  Probe  
  49  6:22  Zealot x2  
  51  6:26  Probe  
  51  6:32  Pylon  
  52  6:35  Pylon  
  52  6:37  Assimilator  
  52  6:38  Assimilator  
  52  6:39  Zealot  
  54  6:42  Probe x2  
  56  6:54  Probe  
  57  6:55  Twilight Council  
  57  6:57  Probe  
  57  6:58  Pylon  
  58  7:02  Pylon  
  58  7:03  Zealot x2  
  62  7:12  Photon Cannon  
  62  7:22  Probe  
  63  7:28  Photon Cannon  
  63  7:30  Photon Cannon  
  63  7:31  Pylon  
  63  7:36  Dark Shrine  
  63  7:38  Pylon  
  63  7:39  Photon Cannon  
  57  7:58  Charge  
  57  8:00  Stalker x3  
  57  8:01  Stalker  
  43  8:24  Zealot x3  
  43  8:25  Zealot  
  43  8:36  Pylon  
  43  8:39  Pylon  
  43  8:41  Pylon  
  43  8:46  Photon Cannon  
  43  8:48  Pylon  
  43  8:49  Photon Cannon  
  43  8:53  Photon Cannon  
  42  8:57  Stalker  
  42  8:58  Stalker x2  
  46  9:24  Stalker  
  46  9:25  Stalker x2  
  46  9:28  Gateway  
  46  9:30  Gateway  
  52  9:33  Gateway  
  52  9:48  Dark Templar x2  
  52  9:49  Dark Templar  
  42  10:15  Forge, Dark Templar  
  42  10:16  Dark Templar x2  
  48  10:23  Zealot  
  48  10:25  Zealot  
  48  10:30  Zealot  
  42  10:44  Zealot  
  42  10:49  Zealot x4  
  51  10:53  Zealot  
  43  11:13  Zealot x5  
  43  11:14  Zealot  
  53  11:18  Pylon  
  53  11:21  Pylon  
  48  11:39  Zealot x2  
  48  11:40  Zealot x4  
  52  12:00  Zealot x4  
  52  12:01  Zealot  
  62  12:13  Zealot  
  62  12:14  Zealot x2  
  68  12:35  Nexus  
  46  12:47  Zealot x3  
  52  13:05  Assimilator  
  52  13:08  Assimilator  
  52  13:12  Pylon x2  
  52  13:17  Cybernetics Core  
  49  13:34  Zealot x3  
  49  13:36  Zealot  
  43  13:45  Zealot  
Tags
 
Add a new tag
Caveats
  • Supply blocks, unpowered buildings, or Contaminate may cause inaccurate times.
  • Supply counts are checked every 10 seconds.